 Dungeon Crawl Stone Soup version 0.29.1 (webtiles) character file.

Game seed: 13070456949750162533

44 Sabo the Gusty (level 3, -1/21 HPs)
             Began as an Octopode Air Elementalist on Sept 14, 2022.
             Slain by a jackal (3 damage)
             ... on level 3 of the Dungeon.
             The game lasted 00:12:15 (2044 turns).

Sabo the Gusty (Octopode Air Elementalist)          Turns: 2044, Time: 00:12:15

Health: -1/21      AC:  1    Str:  7    XL:     3   Next: 62%
Magic:  4/6        EV: 13    Int: 19    God:
Gold:   102        SH:  0    Dex: 12    Spells: 6/7 levels left

rFire   . . .      SeeInvis +   n - +0 quarterstaff
rCold   . . .      Faith    .   (shield currently unavailable)
rNeg    . . .      Spirit   .   (helmet restricted)
rPois   .          Reflect  .   (no amulet)
rElec   .          Harm     .   f - ring of see invisible
rCorr   .          Rampage  .   (no ring)
Will    .....                   (no ring)
Stlth   +++.......              (no ring)
HPRegen 0.07/turn               (no ring)
MPRegen 0.10/turn               (no ring)
                                (no ring)
                                (no ring)

@: no status effects
A: almost no armour, amphibious, 8 rings, camouflage 1, gelatinous body 1,
(nimble swimmer 1), tentacles
a: no special abilities


You were on level 3 of the Dungeon.
You visited 1 branch of the dungeon, and saw 3 of its levels.

You collected 102 gold pieces.

Inventory:

Hand Weapons
 k - a +1 dagger of protection
 n - a +0 quarterstaff (weapon)
Missiles
 c - 3 silver javelins (quivered)
Jewellery
 f - a ring of see invisible (left tentacle)
Scrolls
 e - 2 scrolls of teleportation
 g - a scroll of blinking {unknown}
 i - 2 scrolls of fear
 l - a scroll of poison
 m - a scroll of enchant armour {unknown}
 o - a scroll of fog {unknown}
Potions
 a - a potion of magic
 b - 2 potions of attraction {unknown}
 d - a potion of haste {unknown}
 h - a potion of curing {unknown}
 j - 2 potions of heal wounds {unknown}


   Skills:
 + Level 0.6 Staves
 + Level 2.1 Dodging
 + Level 3.2 Stealth
 + Level 2.5 Spellcasting
 + Level 1.4 Conjurations
 + Level 3.4 Air Magic


You had 6 spell levels left.
You knew the following spells:

 Your Spells              Type           Power      Damage    Failure   Level
a - Shock                 Conj/Air       44%        1d5       6%          1

Your spell library contained the following spells:

 Spells                   Type           Power      Damage    Failure   Level
 Static Discharge         Conj/Air       11%        3-5/arc   9%          2
 Swiftness                Air            15%        N/A       12%         3
 Airstrike                Air            7%         2d(2-18)  36%         4


Dungeon Overview and Level Annotations

Branches:
Dungeon (3/15)

Altars:


Innate Abilities, Weirdness & Mutations

You cannot wear most types of armour.
You are amphibious.
You can wear up to eight rings at the same time.
Your skin changes colour to match your surroundings (Stealth+).
Your rubbery body absorbs attacks. (AC +1, EV +1)
((You are camouflaged when in or above water. (Stealth+)))
You have tentacles for arms and can constrict up to eight enemies at once.


Message History

You are very lightly contaminated with residual magic.
Nothing appears to happen.
The jackal barks!
Casting: Shock (safe; 6% risk of failure)
Confirm with . or Enter, or press ? or * to list all spells.
Aiming: Shock (safe; 6% risk of failure)
Press: ? - help, Shift-Dir - straight line, f/p - kobold
Aim: a kobold, wielding a +0 short sword (moderately wounded, 60% to hit)
The zap hits the kobold but does no damage.
The kobold is moderately wounded.
You hit the worm but do no damage. You grab the worm. You constrict the worm.
The worm bites you.
You sock the worm!
The worm is heavily wounded.
You constrict the worm. The kobold barely misses you. The kobold misses you.
You hit the worm.
The worm is severely wounded.
You constrict the worm. The jackal misses you. The worm misses you.
The kobold hits you with a +0 short sword.
The jackal bites you.
You completely miss the worm. You squeeze the worm.
The worm is almost dead.
You constrict the worm.
You kill the worm!
The jackal barely misses you.
The kobold hits you with a +0 short sword.
* * * LOW HITPOINT WARNING * * *
The jackal closely misses you.
Your magical contamination has completely faded away.
You barely miss the kobold. Your grab misses the kobold.
You squeeze the kobold.
You kill the kobold!
The jackal barely misses you.
You closely miss the jackal. Your grab misses the jackal. The jackal bites you.
* * * LOW HITPOINT WARNING * * *
The jackal barely misses you.
You closely miss the jackal. You grab the jackal.
You constrict the jackal, but do no damage.
The jackal bites you.
You die...

..
..........
..
†.......##
#.#........<
#..#......#
#........#
#.......#
#..)h...###
#..@†>....#
##.........
#.........#
...###..#..#
##.. .## ..
..# .. . .#.
.. ...? ...


You could see a jackal.

Vanquished Creatures
  A worm (D:3)
  4 ball pythons
  A bat (D:2)
  4 endoplasms
  A giant cockroach (D:3)
  6 goblins (D:2)
  7 hobgoblins
  A jackal (D:3)
  2 frilled lizards (D:2)
  5 kobolds
  4 rats (D:1)
36 creatures vanquished.

Notes
Turn   | Place    | Note
-------+----------+-------------------------------------------
     0 | D:1      | Sabo the Octopode Air Elementalist began the quest for the
                  | Orb.
     0 | D:1      | Reached XP level 1. HP: 11/11 MP: 3/3
   587 | D:1      | Reached XP level 2. HP: 17/17 MP: 1/5
  1343 | D:2      | Reached XP level 3. HP: 19/21 MP: 0/6
  2043 | D:3      | HP: 1/21 [jackal (3)]
  2044 | D:3      | Slain by a jackal

Illustrated notes

Levels and vault maps discovered:
D:1:      mrwooster_arrival_statue_2, layout_basic
D:2:      layout_rooms
D:3:      layout_rooms, nicolae_dithmenos_the_darkroom,
          grunt_temple_overflow_open, uniq_sigmund, uniq_grinder

Skill      XL: |  1 |
---------------+----+-----
Stealth        | 3 |  3.2
Staves         | |  0.6
Dodging        | |  2.1
Spellcasting   | |  2.5
Conjurations   | |  1.4
Air Magic      | |  3.4

Action                   || total
-------------------------++-------
Melee: Unarmed           ||     2
       Constrict         ||    10
       Tentacles         ||     7
       Short sword       ||     1
       Mace              ||     9
       Quarterstaff      ||    16
Throw: Javelin           ||     4
 Cast: Shock             ||    42
  Use: Scroll            ||     5
Armor: Skin              ||     2
Dodge: Dodged            ||    23
